 Dungeon Crawl Stone Soup version 0.24-a0-509-ga1643a6788 (webtiles) character file.

Game seed: 14382686257337996717

175953 KristoblXynda the Warrior (level 17, -1/158 HPs)
             Began as a Grey Draconian Gladiator on July 18, 2019.
             Was an Initiate of Gozag.
             Slain by a wolf spider (5 damage)
             ... on level 3 of the Spider Nest on July 19, 2019.
             The game lasted 01:36:24 (39895 turns).

KristoblXynda the Warrior (DrGl)                   Turns: 39895, Time: 01:36:25

Health: -1/158     AC: 23    Str: 21    XL:     17   Next: 49%
Magic:  23/24      EV: 23    Int: 13    God:    Gozag
Gold:   3647       SH: 12    Dex: 19    Spells: 11/22 levels left

rFire    . . .     SeeInvis .   N - +9 scimitar
rCold    x . .     Gourm    .   I - +2 buckler
rNeg     . . .     Faith    .   (armour unavailable)
rPois    +         Spirit   .   b - +1 hat
rElec    .         Reflect  +   y - +2 cloak {rPois}
rCorr    .         Harm     .   u - +1 pair of gloves
MR       +....                  x - +2 pair of boots {run}
Stlth    +++++.....             H - +4 amulet of reflection
HPRegen  0.36/turn              z - ring "Muasucw" {+Fly rC- Str+3 Slay+5 Stlth+}
MPRegen  0.19/turn              U - +5 ring of dexterity

@: gold aura, quick
A: walk through water, unfitting armour, unbreathing, cold-blooded, AC +14
a: Potion Petition, Call Merchant, Bribe Branch, Renounce Religion, Evoke Flight


You were on level 3 of the Spider Nest.
You worshipped Gozag.
Gozag was most pleased with you.
You were not hungry.

You visited 6 branches of the dungeon, and saw 31 of its levels.
You also visited: Sewer, Bailey, Gauntlet and Volcano.

You collected 11910 gold pieces.
You spent 1576 gold pieces at shops.
You paid 6687 gold pieces to Gozag.

Inventory:

Hand Weapons
 L - a +1 rapier of flaming
 N - a +9 scimitar (weapon)
Missiles
 c - 7 throwing nets (quivered)
Armour
 b - a +1 hat (worn)
 u - a +1 pair of gloves (worn)
 x - a +2 pair of boots of running (worn)
 y - a +2 cloak of poison resistance (worn)
 I - a +2 buckler (worn)
Jewellery
 z - the ring "Muasucw" (left hand) {+Fly rC- Str+3 Slay+5 Stlth+}
   (You found it in a Gauntlet)

   [ring of flight]

   It affects your strength (+3).
   It affects your accuracy and damage with ranged weapons and melee attacks
   (+5).
   It makes you vulnerable to cold.
   It lets you fly.
   It makes you more stealthy.
 E - an uncursed amulet of the acrobat
 F - a +4 ring of intelligence
 H - a +4 amulet of reflection (around neck)
 U - a +5 ring of dexterity (right hand)
Wands
 g - a wand of disintegration (13)
 r - a wand of iceblast (4)
 s - a wand of paralysis (5)
 A - a wand of scattershot (5)
 P - a wand of digging (9)
Scrolls
 e - 13 scrolls of remove curse
 j - a scroll of silence
 q - 7 scrolls of amnesia
 t - 2 scrolls of fog
 v - a scroll of enchant armour
 B - a scroll of blinking
 C - 11 scrolls of teleportation
 G - 3 scrolls of immolation
 M - 2 scrolls of magic mapping
 X - 2 scrolls of fear
Potions
 a - 2 potions of cancellation
 f - 5 potions of flight
 h - 6 potions of curing
 i - a potion of invisibility
 k - 7 potions of haste
 l - 3 potions of might
 m - 5 potions of lignification
 n - 5 potions of magic
 o - 2 potions of ambrosia
 w - 5 potions of brilliance
 J - 3 potions of agility
 K - a potion of heal wounds
 O - 2 potions of resistance
 Q - 7 potions of mutation
Miscellaneous
 p - a sack of spiders
 D - a phial of floods
Comestibles
 d - 23 rations


   Skills:
 - Level 16.0 Fighting
 - Level 15.0 Long Blades
   Level 3.3 Maces & Flails
 - Level 2.0 Throwing
 + Level 12.8 Dodging
 - Level 8.0 Stealth
 - Level 5.1 Shields
 - Level 3.0 Spellcasting
 + Level 5.6 Charms
 - Level 10.1 Summonings
 + Level 1.8 Necromancy
 + Level 7.1 Transmutations
 - Level 3.1 Air Magic
 - Level 10.6 Earth Magic
 - Level 10.0 Evocations


You had 11 spell levels left.
You knew the following spells:

 Your Spells              Type           Power        Failure   Level  Hunger
a - Summon Lightning Spi  Summ/Air       ###.....     16%         4    #####..
b - Regeneration          Chrm/Necr      ##........   14%         3    ###....
c - Petrify               Tmut/Erth      ####....     6%          4    #####..

Your spell library contained the following spells:

 Spells                   Type           Power        Failure   Level  Hunger
 Sandblast                Erth           ####..       1%          1    #......
 Summon Small Mammal      Summ           ####         1%          1    #......
 Call Imp                 Summ           ####....     1%          2    ##.....
 Passwall                 Tmut/Erth      ####....     1%          2    ##.....
 Call Canine Familiar     Summ           ####....     1%          3    ###....
 Infusion                 Chrm           ###.         2%          1    #......
 Song of Slaying          Chrm           ###.....     3%          2    ##.....
 Stone Arrow              Conj/Erth      ###...       8%          3    ###....
 Lee's Rapid Deconstruct  Erth           ####......   8%          5    ######.
 Summon Guardian Golem    Hex/Summ       ###.....     9%          3    ###....
 Animate Skeleton         Necr           N/A          11%         1    #......
 Shroud of Golubria       Chrm/Tloc      #.....       11%         2    ##.....
 Apportation              Tloc           #.....       22%         1    #......
 Confusing Touch          Hex            #.....       22%         1    #......
 Freeze                   Ice            #...         22%         1    #......
 Magic Dart               Conj           #...         22%         1    #......
 Ozocubu's Armour         Chrm/Ice       #.......     22%         3    ###....
 Spectral Weapon          Hex/Chrm       #.......     22%         3    ###....
 Summon Ice Beast         Ice/Summ       ###.....     28%         4    #####..
 Blink                    Tloc           N/A          34%         2    ##.....
 Slow                     Hex            #.......     34%         2    ##.....
 Throw Frost              Conj/Ice       #.....       34%         2    ##.....
 Mephitic Cloud           Conj/Pois/Air  #.......     41%         3    ###....
 Conjure Flame            Conj/Fire      #.......     56%         3    ###....
 Sticky Flame             Conj/Fire      #.......     92%         4    #####..
 Throw Icicle             Conj/Ice       #.......     92%         4    #####..
 Bolt of Cold             Conj/Ice       #.........   100%        6    #######


Dungeon Overview and Level Annotations

Branches:
Dungeon (15/15)            Temple (1/1) D:7            Lair (6/6) D:11
  Swamp (3/4) Lair:4       Spider (4/4) Lair:2        Slime (0/5) Lair:5
    Orc (2/2) D:10            Elf (0/3) Orc:2        Vaults (0/5) D:14
 Depths (0/5) D:15

Altars:
Ashenzari
Fedhas
Gozag
Hepliaklqana
Makhleb
Sif Muna
Trog
Vehumet
Xom
Beogh
Jiyva

Shops:
D:4 *   D:11 !([*(   D:12 ?   Orc:1 (   Orc:2 ![(%=

Portals:
Trove: D:14 (show abyssal rune of Zot)

Annotations:
D:11 Harold
Lair:2 3 runed translucent doors, Habiwosh's ghost, journeyman GnSk
Swamp:3 Bai Suzhen
Spider:3 2 transporters


Innate Abilities, Weirdness & Mutations

You can walk through water.
Your dull iron-grey scales are very hard. (AC +14)
You cannot fit into any form of body armour.
You can survive without breathing.
You are cold-blooded and may be slowed by cold attacks.


Message History

You barely miss the tarantella.
The tarantella is heavily wounded.
The tarantella barely misses you.
You slice the tarantella!!
You kill the tarantella!
You see here 9 gold pieces.
The wolf spider is no longer petrified.
The wolf spider hits you!
* * * LOW HITPOINT WARNING * * *
The wolf spider misses you.
You bump into the rock wall.
The wolf spider hits you!
* * * LOW HITPOINT WARNING * * *
The wolf spider bites you.
* * * LOW HITPOINT WARNING * * *
The wolf spider barely misses you. x2
Unknown command.
You feel better. The wolf spider hits you!
* * * LOW HITPOINT WARNING * * *
The wolf spider bites you.
You die...
Your body crumbles into a pile of gold.

#...........#..###
....^.....#.....^##
....#.....#.......## #####
..###.........#>^..###[#.#
.###............#[..#^...#
.#.......#......#...^...##
.##.....#.^.......$...^.#
^##............##s#...###
.#..^...........@.....##
.#.#.....##..^#.>..#...##
.##.......###.....<.....##
.....#............#....^.#
.#..^#....^.....^.#.....##
#................##....###
#..........#.....#.#..##.#
#......###......##....#>.#
.....###.......###....#..#


You could see a wolf spider.

Vanquished Creatures
  Arachne (Spider:3)
  Jorgrun (Orc:2)
  Rupert (Lair:4)
  A thorn hunter (Swamp:1)
  2 ghost moths
  3 entropy weavers
  A minotaur (Gauntlet)
  A red draconian (Volcano)
  Snorg (Lair:4)
  An ettin (D:15)
  Fannar (D:11)
  A great orb of eyes (Gauntlet)
  Erolcha (D:11)
  14 hydras
  An ogre mage (D:15)
  2 catoblepae
  A ghost crab (Swamp:2)
  A merfolk avatar (Lair:6)
  7 centaur warriors
  5 alligators
  A shambling mangrove (Swamp:2)
  13 two-headed ogres
  2 tengu warriors
  Urug (Lair:4)
  2 orc high priests
  Sonja (Lair:4)
  A hell knight (D:15)
  A skeletal warrior (D:13)
  A fire crab (shapeshifter) (D:15)
  5 unseen horrors
  3 wizards (D:14)
  4 swamp dragons (Swamp:1)
  2 orc knights (Orc:2)
  A harpy (Lair:6)
  7 orb spiders
  24 wolf spiders
  A deep elf mage (D:15)
  16 ugly things
  2 manticores
  A worldbinder (Gauntlet)
  A moth of wrath (Spider:1)
  4 cyclopes
  22 elephants
  3 black mambas
  Psyche (D:11)
  6 gargoyles
  A centaur skeleton (D:14)
  4 molten gargoyles (D:13)
  16 spiny frogs
  3 rime drakes
  8 komodo dragons
  12 demonic crawlers
  3 tengu conjurers
  3 yaktaurs (Volcano)
  8 trolls
  10 tyrant leeches
  A freezing wraith (D:14)
  22 jumping spiders
  12 hornets
  3 polar bears (Lair:6)
  Prince Ribbit (D:7)
  4 bog bodies
  13 hippogriffs
  23 blink frogs
  10 slime creatures
  A centaur simulacrum (D:14)
  A spriggan (shapeshifter) (D:15)
  52 redbacks
  2 vampires
  Sigmund (D:4)
  6 spriggans
  3 shadows
  6 wyverns
  3 hogs (D:11)
  A fire elemental (D:13)
  4 water elementals (D:15)
  22 tarantellas
  2 basilisks
  6 fire bats (Volcano)
  21 yaks
  A human (D:11)
  A steam dragon (D:11)
  Edmund (D:4)
  19 vampire mosquitoes
  Menkaure (D:4)
  38 insubstantial wisps
  4 swamp worms
  A warg (Orc:2)
  An acid dragon (D:14)
  11 water moccasins
  8 porcupines
  39 orc warriors
  4 swamp drakes
  An ice beast (shapeshifter) (D:14)
  2 phantoms
  A necrophage (D:12)
  2 black bears
  4 ice beasts
  A hornet zombie (D:15)
  2 boggarts (Gauntlet)
  3 sky beasts
  3 wolves (Lair:1)
  13 ogres
  30 centaurs
  A crocodile (shapeshifter) (D:14)
  15 crocodiles
  4 big kobolds
  20 bullfrogs
  A gnoll sergeant (D:6)
  5 earth elementals (D:15)
  A wyvern skeleton (D:11)
  13 scorpions
  17 killer bees
  15 wights
  10 howler monkeys
  6 electric eels
  5 crimson imps
  7 lava snakes (Volcano)
  A quasit (D:9)
  3 bullfrog zombies
  4 centaur zombies
  24 orc priests
  5 hounds
  9 jellies
  2 bullfrog skeletons
  Ijyb (D:3)
  Jessica (D:3)
  Natasha (thrice) (D:3)
  5 iguanas
  23 orc wizards
  10 worker ants
  A hound zombie (D:11)
  2 hound skeletons (D:9)
  Robin (D:3)
  A howler monkey skeleton (D:9)
  18 adders
  9 gnolls
  3 river rats (Sewer)
  8 shadow imps
  7 oozes
  An adder skeleton (D:7)
  An adder zombie (D:9)
  3 worms
  12 leopard geckos
  126 orcs
  9 giant cockroaches
  12 goblins
  12 hobgoblins
  7 jackals
  4 quokkas
  A ball python (D:2)
  A ball python skeleton (D:4)
  10 bats
  8 frilled lizards
  A jackal zombie (D:5)
  32 kobolds
  2 leopard gecko zombies
  A quokka skeleton (D:9)
  A quokka zombie (D:9)
  14 rats
  A fungus (Lair:6)
  6 plants (D:11)
1178 creatures vanquished.

Vanquished Creatures (collateral kills)
  An orc warlord (Orc:2)
  A bullfrog (Lair:4)
2 creatures vanquished.

Vanquished Creatures (others)
  A tengu warrior (Gauntlet)
  A spiny frog (Swamp:2)
  A tengu conjurer (Gauntlet)
  A basilisk (D:15)
  An orc warrior (Orc:2)
  An orc (Orc:2)
  4 fungi
  13 plants
  8 toadstools (D:7)
31 creatures vanquished.

Grand Total: 1211 creatures vanquished

Notes
Turn   | Place    | Note
-------+----------+-------------------------------------------
     0 | D:1      | KristoblXynda the Draconian Gladiator began the quest for
                  | the Orb.
     0 | D:1      | Reached XP level 1. HP: 17/17 MP: 1/1
   186 | D:1      | Reached XP level 2. HP: 19/24 MP: 2/2
  1036 | D:2      | Reached XP level 3. HP: 17/30 MP: 3/3
  1223 | D:2      | Reached XP level 4. HP: 25/37 MP: 4/4
  1410 | D:2      | Found a faded altar of an unknown god.
  1522 | D:2      | Reached skill level 3 in Fighting
  1641 | D:3      | Noticed Ijyb
  1655 | D:3      | Killed Ijyb
  1875 | D:3      | Noticed Jessica
  1881 | D:3      | Killed Jessica
  1881 | D:3      | Reached XP level 5. HP: 36/45 MP: 5/5
  1953 | D:3      | Noticed Natasha
  1967 | D:3      | Killed Natasha
  2132 | D:3      | Noticed Natasha
  2138 | D:3      | Killed Natasha
  2138 | D:3      | Reached skill level 5 in Long Blades
  2176 | D:3      | Noticed Robin
  2197 | D:3      | Killed Robin
  2618 | D:3      | Reached XP level 6. HP: 52/52 MP: 6/6
  2638 | D:3      | Noticed Natasha
  2654 | D:3      | Killed Natasha
  3290 | D:4      | Found Orghitava's General Store.
  3293 | D:4      | Bought a potion of heal wounds for 60 gold pieces
  3352 | D:4      | Got a warped whip
  3354 | D:4      | Identified the +7 whip of Dohoxeab {drain, rPois rC++ MR-
                  | SInv} (You found it on level 4 of the Dungeon)
  3426 | D:4      | Reached skill level 4 in Fighting
  3656 | D:4      | Noticed Menkaure
  3663 | D:4      | Killed Menkaure
  3663 | D:4      | Your scales start taking on a dull iron-grey colour.
  3663 | D:4      | Reached XP level 7. HP: 50/60 MP: 7/7
  3663 | D:4      | Gained mutation: You can survive without breathing. [Grey
                  | Draconian growth]
  3827 | D:4      | Noticed Edmund
  3850 | D:4      | Killed Edmund
  3853 | D:4      | Reached skill level 5 in Fighting
  4444 | D:4      | Noticed Sigmund
  4459 | D:4      | Killed Sigmund
  4459 | D:4      | Reached skill level 5 in Dodging
  4459 | D:4      | Reached XP level 8. HP: 62/68 MP: 8/8
  4570 | D:5      | Entered Level 5 of the Dungeon
  4759 | D:5      | Found an opulent altar of Gozag.
  4772 | D:5      | Became a worshipper of Gozag Ym Sagoz the Greedy
  5167 | D:5      | Reached skill level 6 in Fighting
  5251 | D:5      | Found a blossoming altar of Fedhas.
  5252 | D:5      | Found a bloodstained altar of Trog.
  5600 | D:6      | Found a glowing drain.
  5644 | Sewer    | Entered a sewer
  5739 | Sewer    | Reached skill level 1 in Evocations
  6224 | D:6      | Reached XP level 9. HP: 66/78 MP: 10/10
  6420 | D:6      | Found a deep blue altar of Sif Muna.
  6549 | D:4      | Bought a scroll of teleportation for 36 gold pieces
  6549 | D:4      | Bought a scarf of resistance for 384 gold pieces
  6607 | D:7      | Found a radiant altar of Vehumet.
  6610 | D:7      | Found a staircase to the Ecumenical Temple.
  6614 | D:7      | Noticed Prince Ribbit
  6666 | D:7      | Killed Prince Ribbit
  6666 | D:7      | Reached skill level 7 in Fighting
  7551 | D:7      | Found a shattered altar of Ashenzari.
  7886 | Temple   | Entered the Ecumenical Temple
  7919 | D:8      | Reached skill level 1 in Maces & Flails
  8223 | D:8      | Reached skill level 8 in Fighting
  8623 | D:8      | Found a shimmering altar of Xom.
  8834 | D:8      | Noticed a two-headed ogre
  8848 | D:8      | Killed a two-headed ogre
  8848 | D:8      | Reached skill level 1 in Shields
  8848 | D:8      | Reached skill level 5 in Evocations
  8848 | D:8      | Reached XP level 10. HP: 88/88 MP: 13/13
  8977 | D:8      | Noticed a two-headed ogre
  8990 | D:8      | Killed a two-headed ogre
  9627 | D:9      | Noticed a cyclops
  9647 | D:9      | Killed a cyclops
  9703 | D:9      | Noticed a seven-headed hydra
  9711 | D:9      | Killed a seven-headed hydra
  9772 | D:9      | Noticed a red ugly thing
  9787 | D:9      | Killed a red ugly thing
  9787 | D:9      | Reached XP level 11. HP: 71/94 MP: 14/16
 10144 | D:9      | Reached skill level 5 in Shields
 10611 | D:10     | Entered Level 10 of the Dungeon
 10650 | D:10     | Noticed a two-headed ogre
 10818 | D:10     | Killed a two-headed ogre
 10818 | D:10     | Reached skill level 10 in Long Blades
 11204 | D:10     | Found a staircase to the Orcish Mines.
 11232 | D:10     | Noticed an unseen horror
 11252 | D:10     | Killed an unseen horror
 11845 | Orc:1    | Entered Level 1 of the Orcish Mines
 11862 | Orc:1    | Found Muhuuwko's Weapon Shop.
 11865 | Orc:1    | Noticed an orc high priest
 11874 | Orc:1    | Upgraded the game from 0.24-a0-507-g3e8b242632 to
                  | 0.24-a0-509-ga1643a6788
 11890 | Orc:1    | Reached skill level 9 in Fighting
 11898 | Orc:1    | Noticed a soul eater
 11906 | Orc:1    | Killed an orc high priest
 12124 | Orc:1    | Found a dark tunnel.
 12206 | Volcano  | Entered a volcano
 12810 | Volcano  | Reached XP level 12. HP: 93/105 MP: 18/18
 12855 | Volcano  | Found a radiant altar of Vehumet.
 12855 | Volcano  | Noticed a centaur warrior
 12862 | Volcano  | Killed a centaur warrior
 12895 | Volcano  | Noticed a red draconian
 12913 | Volcano  | Killed a red draconian
 13481 | D:11     | Noticed Fannar
 13544 | D:11     | Killed Fannar
 13544 | D:11     | Reached skill level 10 in Fighting
 13544 | D:11     | Reached skill level 10 in Dodging
 13651 | D:11     | Noticed Psyche
 13659 | D:11     | Paralysed by Psyche for 5 turns
 13673 | D:11     | Noticed a two-headed ogre
 13928 | D:10     | Learned a level 4 spell: Summon Lightning Spire
 14168 | D:11     | Reached skill level 1 in Summonings
 14215 | D:11     | Found a staircase to the Lair.
 14234 | D:11     | Killed a two-headed ogre
 14409 | D:11     | Killed Psyche
 14424 | D:11     | Noticed Erolcha
 14434 | D:11     | Killed Erolcha
 14725 | D:11     | Noticed a two-headed ogre
 14735 | D:11     | Killed a two-headed ogre
 14746 | D:11     | Noticed a two-headed ogre
 14782 | D:11     | Killed a two-headed ogre
 15334 | D:11     | Noticed Harold
 15592 | D:12     | Found Syad's Magic Scroll Shop.
 15600 | D:12     | Bought a scroll of teleportation for 36 gold pieces
 15600 | D:12     | Bought a scroll of identify for 24 gold pieces
 15600 | D:12     | Bought a scroll of magic mapping for 42 gold pieces
 15600 | D:12     | Bought a scroll of noise for 12 gold pieces
 15752 | D:12     | Reached skill level 10 in Evocations
 15997 | D:12     | Noticed a two-headed ogre
 15998 | D:12     | Found a hazy altar of Hepliaklqana.
 16005 | D:12     | Killed a two-headed ogre
 16005 | D:12     | Reached XP level 13. HP: 113/113 MP: 20/20
 16126 | D:12     | Reached skill level 1 in Stealth
 16660 | D:13     | Found a flagged portal.
 16673 | Bailey   | Entered a bailey
 17838 | Bailey   | Identified a scroll of acquirement
 17853 | D:13     | Identified a +2 pair of boots of running (You acquired it
                  | on level 13 of the Dungeon)
 18152 | D:13     | Reached skill level 5 in Summonings
 19620 | D:11     | Bought a ration for 65 gold pieces
 19620 | D:11     | Bought a ration for 65 gold pieces
 19620 | D:11     | Bought a ration for 65 gold pieces
 19620 | D:11     | Bought a ration for 65 gold pieces
 19624 | Lair:1   | Entered Level 1 of the Lair of Beasts
 19700 | Lair:1   | Reached skill level 11 in Fighting
 19742 | Lair:1   | Found a gate leading to a gauntlet.
 19799 | Gauntlet | Entered a Gauntlet
 19799 | Gauntlet | Found a transporter.
 19799 | Gauntlet | Found a transporter.
 19906 | Gauntlet | Found a transporter.
 19907 | Gauntlet | Found a transporter.
 19910 | Gauntlet | Found a transporter.
 19910 | Gauntlet | Found a transporter.
 19943 | Gauntlet | Found a transporter.
 19946 | Gauntlet | Found a transporter.
 19956 | Gauntlet | Found a transporter.
 19974 | Gauntlet | Found a transporter.
 19992 | Gauntlet | Found a transporter.
 19997 | Gauntlet | Found a transporter.
 19998 | Gauntlet | Found a runed translucent door.
 20190 | Gauntlet | Identified the Handbook of Ice and Conjuration
 20246 | Gauntlet | Got a steaming steel ring
 20253 | Gauntlet | Identified the ring "Muasucw" {+Fly rC- Str+3 Slay+5
                  | Stlth+} (You found it in a Gauntlet)
 20312 | Gauntlet | Noticed a minotaur
 20376 | Gauntlet | Killed a minotaur
 20426 | Gauntlet | Got a steaming great sword
 20494 | Gauntlet | Identified a +2 pair of boots of running (You found it in a
                  | Gauntlet)
 20499 | Gauntlet | Identified the +4 great sword "Mexeuw" {venom, rC+ Str+3}
                  | (You found it in a Gauntlet)
 20843 | Lair:1   | Reached skill level 5 in Stealth
 21186 | Lair:2   | Reached skill level 12 in Fighting
 21240 | Lair:2   | Found a runed translucent gate.
 21240 | Lair:2   | Found a runed translucent gate.
 21240 | Lair:2   | Found a runed translucent gate.
 21243 | Lair:2   | Noticed Habiwosh's ghost (journeyman GnSk)
 21250 | Lair:2   | Reached XP level 14. HP: 126/126 MP: 21/21
 21587 | Lair:2   | Found a hole to the Spider Nest.
 22390 | Lair:3   | Reached skill level 13 in Fighting
 22578 | Lair:3   | You fall into a shaft and drop 1 floor!
 22779 | Lair:4   | Noticed Sonja
 22780 | Lair:4   | Found a staircase to the Swamp.
 22781 | Lair:4   | Killed Sonja
 22803 | Lair:4   | Noticed Snorg
 22825 | Lair:4   | Killed Snorg
 23048 | Lair:4   | Noticed Urug
 23065 | Lair:4   | Killed Urug
 23238 | Lair:4   | Noticed Rupert
 23350 | Lair:4   | Paralysed by Rupert for 3 turns
 23360 | Lair:4   | Killed Rupert
 23922 | Lair:5   | You fall into a shaft and drop 1 floor!
 23922 | Lair:6   | Entered Level 6 of the Lair of Beasts
 24342 | Lair:5   | Found a staircase to the Slime Pits.
 24342 | Lair:5   | Found a viscous altar of Jiyva.
 24383 | Lair:5   | Reached skill level 14 in Fighting
 24600 | Lair:5   | Learned a level 3 spell: Regeneration
 24605 | Lair:5   | Learned a level 4 spell: Petrify
 25023 | Lair:6   | Reached XP level 15. HP: 74/139 MP: 22/22
 25067 | Lair:6   | Reached skill level 1 in Earth Magic
 26552 | D:14     | Reached skill level 15 in Fighting
 26594 | D:14     | Found a gate to the Vaults.
 26705 | D:14     | Found a portal to a secret trove of treasure.
 27189 | D:14     | Paralysed by a wizard for 4 turns
 27646 | D:15     | Entered Level 15 of the Dungeon
 28026 | D:15     | Reached skill level 5 in Earth Magic
 28035 | D:15     | Reached skill level 10 in Summonings
 28639 | D:15     | Found a staircase to the Depths.
 28648 | D:15     | Reached skill level 1 in Spellcasting
 28660 | D:15     | Reached skill level 16 in Fighting
 29783 | Orc:2    | Entered Level 2 of the Orcish Mines
 29804 | Orc:2    | Found a roughly hewn altar of Beogh.
 29864 | Orc:2    | Found a bloodstained altar of Trog.
 29920 | Orc:2    | Found a staircase to the Elven Halls.
 30070 | Orc:2    | Found a roughly hewn altar of Beogh.
 30083 | Orc:2    | Found Kyijikext's Jewellery Boutique.
 30104 | Orc:2    | Bought an uncursed amulet of regeneration for 480 gold
                  | pieces
 30104 | Orc:2    | Bought a cursed amulet of inaccuracy for 32 gold pieces
 30258 | Orc:2    | Found a roughly hewn altar of Beogh.
 30364 | Orc:2    | Found Foudgh Ohis's Food Boutique.
 30512 | Orc:2    | Noticed an orc warlord
 30514 | Orc:2    | Noticed Jorgrun
 30524 | Orc:2    | Killed Jorgrun
 30538 | Orc:2    | Killed an orc warlord
 30572 | Orc:2    | Found Huzam's Antique Armour Boutique.
 30576 | Orc:2    | Found Jyjaot's Antique Weapon Shop.
 30640 | Orc:2    | Reached XP level 16. HP: 57/151 MP: 23/23
 30847 | Orc:2    | Found a roughly hewn altar of Beogh.
 30952 | Orc:2    | Found a roughly hewn altar of Beogh.
 30953 | Orc:2    | Found Obumumih's Distillery.
 30961 | Orc:2    | Bought a potion of curing for 42 gold pieces
 30961 | Orc:2    | Bought a potion of curing for 42 gold pieces
 30961 | Orc:2    | Bought a potion of curing for 42 gold pieces
 30961 | Orc:2    | Bought a potion of curing for 42 gold pieces
 30961 | Orc:2    | Bought a potion of curing for 42 gold pieces
 31232 | Swamp:1  | Entered Level 1 of the Swamp
 31518 | Swamp:1  | Reached skill level 1 in Transmutations
 32280 | Swamp:1  | Reached skill level 15 in Long Blades
 33158 | Swamp:2  | Noticed a thorn hunter
 33227 | Swamp:1  | Killed a thorn hunter
 33227 | Swamp:1  | Reached skill level 1 in Charms
 35599 | Swamp:3  | Reached skill level 5 in Transmutations
 35680 | Swamp:3  | Noticed Bai Suzhen
 35903 | Spider:1 | Entered Level 1 of the Spider Nest
 36610 | Spider:1 | Reached skill level 10 in Earth Magic
 36610 | Spider:1 | Reached XP level 17. HP: 35/158 MP: 3/24
 37067 | Spider:1 | Reached skill level 1 in Air Magic
 38241 | Spider:3 | Noticed Arachne
 38272 | Spider:3 | Killed Arachne
 38272 | Spider:3 | Reached skill level 5 in Charms
 39004 | Spider:3 | Found a transporter.
 39040 | Spider:3 | Found a transporter.
 39194 | Spider:3 | Reached skill level 1 in Necromancy
 39400 | Spider:4 | Entered Level 4 of the Spider Nest
 39893 | Spider:3 | HP: 7/158 [wolf spider (2)]
 39895 | Spider:3 | Slain by a wolf spider

Levels and vault maps discovered:
D:1:      dpeg_arrival_houses_and_road, layout_basic, serial_glass,
          glass_columns_a, glass_columns_c
D:2:      layout_basic, chequers_ecumenical_altar_twisty, hex_large,
          hangedman_decor_growths
D:3:      layout_basic, uniq_jessica, uniq_natasha, uniq_robin, uniq_ijyb
D:4:      layout_basic, first_ration, serial_shops, kennysheep_mini_moat,
          uniq_edmund, uniq_menkaure, uniq_sigmund
D:5:      layout_cave_pools, gammafunk_temple_overflow_pools,
          nicolae_gozag_seed_capital
D:6:      layout_cave_pools, portal_sewer_entry_f, basic_altar
D:7:      cheibrodos_fertilizer, layout_loops_corners,
          nicolae_ashenzari_panopticon, fiery_altar_vehumet,
          minmay_temple_entry_large_hall, uniq_prince_ribbit1
D:8:      wad_cavern_with_rooms, layout_loops_corners, kennysheep_little_box,
          nrook_uturn
D:9:      minmay_the_grid_3x3 [minmay_the_grid_pillar_ring,
          minmay_the_grid_gridbox, minmay_the_grid_medium_cups,
          minmay_the_grid_large_cup, minmay_the_grid_mess,
          minmay_the_grid_holed_spiral, minmay_the_grid_aliased_spiral,
          minmay_the_grid_tree, minmay_the_grid_prize_inner_circle],
          layout_irregular_city
D:10:     layout_gridville, orc_0_dummy
D:11:     layout_irregular_city, david_lair_shrubbed, grunt_livestock,
          uniq_erolcha, uniq_fannar, uniq_psyche, uniq_harold
D:12:     layout_roguey, serial_shops, shop_scrolls, basic_altar
D:13:     layout_basic, enter_bailey_2, minivault_8
D:14:     layout_rooms, david_vaults_1, kennysheep_donut, enter_trove_6,
          lemuel_flamethrower_1
D:15:     hangedman_depths_entry_civil_slaughter, layout_basic, minivault_19,
          hangedman_cracks_in_the_wall
Temple:   nicolae_temple_elliptical
Lair:1:   layout_cave_shapes, gauntlet_entry_generic,
          chequers_serial_rivers_large_a, grunt_megastairs_1,
          infiniplex_staircase_pool_2
Lair:2:   layout_concentric_octagons, nicolae_spider_entry_tight_spaces,
          gammafunk_ghost_hydra_chop, lemuel_fruit_fields
Lair:3:   layout_roguey, lemuel_fruit_tree, grunt_megastairs_4
Lair:4:   layout_cave_pods, minmay_swamp_entry_wisps, serial_bayou_shore_a,
          uniq_sonja, uniq_urug, uniq_rupert, uniq_snorg
Lair:5:   layout_long_grid, slime_altar_1, grunt_megastairs_3
Lair:6:   gammafunk_lair_ancient_temple, layout_loops_ring
Swamp:1:  layout_falls_marsh, evilmike_swamp_ruin_rubble_1, swamp_pool2,
          st_swamp_ruins_3
Swamp:2:  layout_basic_swamp, evilmike_swamp_ruin_rubble_2, swamp_pool2
Swamp:3:  layout_falls_marsh, evilmike_swamp_ruin_house_3, swamp_pool3,
          uniq_bai_suzhen
Spider:1: layout_spider_delve
Spider:2: layout_spider_delve, nicolae_spider_webs_and_nodes
Spider:3: gammafunk_the_bubble [the_bubble_gammafunk_grid], uniq_arachne
Spider:4: grunt_spider_rune_parallel
Orc:1:    layout_diamond_mine, serial_shops, nicolae_shop_behind_doors,
          nicolae_volcano_entry_lava_flow
Orc:2:    grunt_orc_community_town_hall, layout_diamond_mine,
          grunt_orc_community_big_house_1, grunt_orc_community_big_house_2,
          grunt_orc_community_house_3, grunt_orc_community_house_2,
          grunt_orc_community_house_2, grunt_orc_community_house_1,
          grunt_orc_community_house_3, basic_altar, serial_shops, shop,
          uniq_jorgrun

Skill      XL: |  1  2  3  4  5  6  7  8  9 10 11 12 13 14 15 16 17 |
---------------+----------------------------------------------------+-----
Throwing       | 2 |  2.0
Dodging        | 3 4 5 6 7 8 9 10 11 12 | 12.8
Long Blades    | 4 5 6 7 8 9 10 11 12 13 14 15 | 15.0
Fighting       | 3 4 5 6 8 9 10 12 14 16 | 16.0
Evocations     | 2 5 6 8 10 | 10.0
Maces & Flails | 2 3 |  3.3
Shields        | 1 4 5 |  5.1
Summonings     | 4 6 9 10 | 10.1
Stealth        | 5 8 |  8.0
Earth Magic    | 6 10 | 10.6
Spellcasting   | 3 |  3.0
Transmutations | 5 7 |  7.1
Charms         | 4 5 |  5.6
Air Magic      | 3 |  3.1
Necromancy     | 1 |  1.8

Action                   |  1- 3 |  4- 6 |  7- 9 | 10-12 | 13-15 | 16-18 || total
-------------------------+-------+-------+-------+-------+-------+-------++-------
Melee: Long sword        |    86 |   170 |       |       |       |       ||   256
       Tailslap          |    12 |    20 |    55 |   141 |   301 |   225 ||   754
       Whip              |       |    20 |   434 |   494 |       |       ||   948
       Scimitar          |       |       |       |   453 |  1439 |   839 ||  2731
       Rapier            |       |       |       |       |    22 |    70 ||    92
Throw: Throwing net      |       |     1 |       |     1 |       |       ||     2
 Cast: Petrify           |       |       |       |       |       |    10 ||    10
Invok: Potion Petition   |       |       |       |     2 |     2 |       ||     4
       Call Merchant     |       |       |       |       |     2 |     3 ||     5
 Abil: Evoke Berserk Rag |       |       |       |       |     1 |       ||     1
Evoke: Wand              |       |       |     4 |    30 |    36 |     9 ||    79
       Phial of floods   |       |       |       |       |     3 |       ||     3
  Use: Scroll            |       |     3 |    13 |    12 |    20 |    10 ||    58
       Potion            |       |       |       |     6 |     6 |     6 ||    18
 Stab: Sleeping          |       |     1 |       |       |    26 |     8 ||    35
       Paralysed         |       |       |     9 |    40 |    25 |     6 ||    80
       Distracted        |       |       |     2 |     6 |    17 |     7 ||    32
       Invisible         |       |       |       |     1 |       |     2 ||     3
       Confused          |       |       |       |       |     1 |       ||     1
       Petrified         |       |       |       |       |    12 |     9 ||    21
       Petrifying        |       |       |       |       |     3 |     2 ||     5
  Eat: Chunk             |     1 |     7 |     2 |       |       |       ||    10
       Ration            |       |       |     5 |     7 |    14 |     9 ||    35
Armor: Skin              |    33 |    62 |   121 |   331 |   253 |   282 ||  1082
Dodge: Dodged            |    72 |   185 |   347 |   875 |   903 |   747 ||  3129
Block: Buckler           |       |       |     7 |   245 |   313 |   472 ||  1037
       Reflection        |       |       |       |       |    15 |     8 ||    23
       Rpst.: Long sword |    19 |    62 |       |       |       |       ||    81
       Scimitar          |       |       |       |   109 |   198 |   123 ||   430

Table legend:
 A = Non-vault XP
 B = Vault XP
 C = Vault XP percentage of total XP
 D = Non-vault monster count
 E = Vault monster count
 F = Vault count percentage of total count
                 A         B        C        D         E       F
            +---------+---------+-------+---------+---------+-------
      Total |  178457 |   73927 |  29.3 |     844 |     335 |  28.4
            +---------+---------+-------+---------+---------+-------
        D:1 |      33 |       0 |   0.0 |      21 |       0 |   0.0
        D:2 |     103 |       0 |   0.0 |      32 |       0 |   0.0
        D:3 |     160 |     147 |  47.9 |      38 |      14 |  26.9
        D:4 |     428 |     577 |  57.4 |      17 |       3 |  15.0
        D:5 |     641 |       0 |   0.0 |      19 |       0 |   0.0
        D:6 |     729 |      14 |   1.9 |      23 |       6 |  20.7
        D:7 |     747 |     975 |  56.6 |      16 |      17 |  51.5
        D:8 |    1411 |    1111 |  44.1 |      14 |       5 |  26.3
        D:9 |    1692 |    3944 |  70.0 |      14 |      34 |  70.8
       D:10 |    5572 |       0 |   0.0 |      62 |       0 |   0.0
       D:11 |    6275 |    3828 |  37.9 |      36 |       9 |  20.0
       D:12 |    4192 |       0 |   0.0 |      31 |       0 |   0.0
       D:13 |    7539 |    1511 |  16.7 |      18 |       4 |  18.2
       D:14 |    8615 |    2259 |  20.8 |      37 |       3 |   7.5
       D:15 |   12387 |    8174 |  39.8 |      40 |      16 |  28.6
     Lair:1 |    2986 |    1134 |  27.5 |      16 |       6 |  27.3
     Lair:2 |    5511 |    2235 |  28.9 |      15 |       9 |  37.5
     Lair:3 |    6858 |    3158 |  31.5 |      23 |       8 |  25.8
     Lair:4 |    3222 |    5948 |  64.9 |      17 |       8 |  32.0
     Lair:5 |    7810 |     468 |   5.7 |      32 |       2 |   5.9
     Lair:6 |    6551 |    8891 |  57.6 |      18 |      21 |  53.8
    Swamp:1 |   20357 |    2100 |   9.4 |      51 |       3 |   5.6
    Swamp:2 |   16881 |       0 |   0.0 |      51 |       0 |   0.0
    Swamp:3 |    2752 |       0 |   0.0 |       9 |       0 |   0.0
   Spider:1 |   19814 |       0 |   0.0 |      49 |       0 |   0.0
   Spider:2 |   15893 |       0 |   0.0 |      47 |       0 |   0.0
   Spider:3 |   11076 |    4489 |  28.8 |      31 |       5 |  13.9
   Spider:4 |    3551 |     238 |   6.3 |       9 |       1 |  10.0
      Orc:1 |    2511 |       0 |   0.0 |      27 |       0 |   0.0
      Orc:2 |    2160 |    9542 |  81.5 |      31 |      73 |  70.2
      Sewer |       0 |     302 | 100.0 |       0 |      18 | 100.0
     Bailey |       0 |    2307 | 100.0 |       0 |      39 | 100.0
    Volcano |       0 |    5475 | 100.0 |       0 |      21 | 100.0
   Gauntlet |       0 |    5100 | 100.0 |       0 |      10 | 100.0
            +---------+---------+-------+---------+---------+-------
